[Event "Warsaw Chess Open-B 2022"]
[Site "Warsaw"]
[Date "2022.07.23"]
[Round "6.4"]
[White "Rzeszowski, Dominik"]
[Black "Nesterenko, Kyrylo"]
[Result "1/2-1/2"]
[ECO "B22"]
[WhiteElo "1856"]
[BlackElo "1782"]
[Annotator "NA RC COMBH"]
[PlyCount "47"]
[EventDate "2022.07.18"]
[EventType "swiss"]
[EventCountry "POL"]
[SourceTitle "playchess.com"]
[Source "ChessBase"]
[SourceQuality "1"]
[TimeControl "40/5400+30:1800+30"]

1. e4 c5 2. c3 Nf6 3. e5 Nd5 4. Nf3 Nc6 5. Bc4 e6 6. d4 cxd4 7. cxd4 d6 8. O-O Be7 9. Qe2 O-O 10. a3 Kh8 11. Bd3 Qb6 12. Qe4 f5 13. exf6 Nxf6 14. Qh4 e5 15. dxe5 dxe5 16. Bg5 e4 17. Bxe4 Nxe4 18. Bxe7 Nxe7 19. Qxe4 Nc6 20. b4 Bf5 21. Qe3 Qxe3 22. fxe3 Rae8 23. Kf2 Bg4 24. Re1 1/2-1/2

[Event "Warsaw Chess Open-B 2022"]
[Site "Warsaw"]
[Date "2022.07.23"]
[Round "6.5"]
[White "Nocek, Dominik"]
[Black "Trybowska, Barbara"]
[Result "0-1"]
[ECO "C05"]
[WhiteElo "1682"]
[BlackElo "1828"]
[Annotator "NA RC COMBH"]
[PlyCount "112"]
[EventDate "2022.07.18"]
[EventType "swiss"]
[EventCountry "POL"]
[SourceTitle "playchess.com"]
[Source "ChessBase"]
[SourceQuality "1"]
[TimeControl "40/5400+30:1800+30"]

1. e4 e6 2. d4 d5 3. Nd2 Nf6 4. e5 Nfd7 5. Bd3 c5 6. c3 Nc6 7. Ne2 Qb6 8. Nf3 cxd4 9. cxd4 f6 10. exf6 Nxf6 11. O-O Bd6 12. Bf4 Bxf4 13. Nxf4 O-O 14. Qd2 Qc7 15. g3 Bd7 16. Rac1 Qd6 17. Rfe1 Rae8 18. Ne5 Kh8 19. Bb1 Nd8 20. h4 Nf7 21. Kg2 Nh6 22. f3 Nf5 23. Rh1 Bb5 24. g4 Ne7 25. Nh3 Nc6 26. Rce1 Qb4 27. Qxb4 Nxb4 28. Ng5 Kg8 29. a3 Na6 30. h5 h6 31. Ngf7 Rxf7 32. Nxf7 Kxf7 33. Bg6+ Ke7 34. Bxe8 Nxe8 35. Rc1 Bc4 36. b3 Bb5 37. Rc3 Nb8 38. Rhc1 Nc6 39. Rd1 Nd6 40. Kf2 Nf7 41. Ke3 Kd6 42. Rc5 Nxd4 43. Rxd5+ exd5 44. Rxd4 Ne5 45. a4 Ba6 46. Kf4 b6 47. Rd2 Bc8 48. Re2 Nd3+ 49. Ke3 Nc5 50. Rc2 a5 51. Kd4 Nxb3+ 52. Kc3 Nc5 53. Kd4 Ba6 54. Rg2 Ne6+ 55. Ke3 d4+ 56. Ke4 Bb7+ 0-1

[Event "Warsaw Chess Open-B 2022"]
[Site "Warsaw"]
[Date "2022.07.23"]
[Round "6.6"]
[White "Masalski, Pawel"]
[Black "Vasynda, Oleksandr"]
[Result "1-0"]
[ECO "B22"]
[WhiteElo "1550"]
[BlackElo "1802"]
[Annotator "NA RC COMBH"]
[PlyCount "87"]
[EventDate "2022.07.18"]
[EventType "swiss"]
[EventCountry "POL"]
[SourceTitle "playchess.com"]
[Source "ChessBase"]
[SourceQuality "1"]
[TimeControl "40/5400+30:1800+30"]

1. e4 c5 2. c3 d5 3. exd5 Qxd5 4. d4 e5 5. dxe5 Qxe5+ 6. Be2 Bg4 7. Nd2 Bxe2 8. Nxe2 Nf6 9. Nf3 Qd5 10. Qa4+ Qc6 11. Qb3 Bd6 12. O-O O-O 13. Ng3 Bxg3 14. hxg3 Nbd7 15. Rd1 Rfe8 16. Bf4 b6 17. Rd6 Qe4 18. Rad1 Re7 19. Qb5 Rae8 20. Qc6 Qc2 21. R6d2 Qf5 22. Qa4 h6 23. Bd6 Re6 24. Bf4 R6e7 25. Bd6 Re6 26. Bc7 R6e7 27. Qxa7 Qe4 28. Qa6 Ra8 29. Qb5 Rxa2 30. Bxb6 Nxb6 31. Qxb6 Rb7 32. Qd8+ Kh7 33. Re1 Qf5 34. Nh4 Qg5 35. Qd3+ g6 36. Nf3 Qh5 37. Qc4 Raa7 38. Qf4 Kg7 39. Rd6 Ng4 40. Rd8 Rxb2 41. Qd6 Ra6 42. Qf8+ Kf6 43. Qh8+ Kf5 44. Rd5+ 1-0

[Event "Warsaw Chess Open-B 2022"]
[Site "Warsaw"]
[Date "2022.07.23"]
[Round "6.7"]
[White "Rzenca, Jerzy"]
[Black "Ryszkiewicz, Adam"]
[Result "1/2-1/2"]
[ECO "A20"]
[WhiteElo "1668"]
[BlackElo "1977"]
[Annotator "TA"]
[PlyCount "102"]
[EventDate "2022.07.18"]
[EventType "swiss"]
[EventCountry "POL"]
[SourceTitle "playchess.com"]
[Source "ChessBase"]
[SourceQuality "1"]
[TimeControl "40/5400+30:1800+30"]

1. c4 e5 2. g3 c6 3. d4 Bb4+ 4. Bd2 Qa5 {[%emt 0:02:06] [#]} 5. a3 $146 ({Predecessor:} 5. dxe5 Bxd2+ 6. Qxd2 Qxe5 7. Nf3 Qc5 8. Nc3 Nf6 9. e4 O-O 10. O-O-O b5 11. e5 {1-0 (35) Vavruska,D (2234)-Machala,V (2052) Czech Republic 2018}) 5... Bxd2+ 6. Qxd2 {[%emt 0:00:03] A20: English Opening: 1...e5.} Qxd2+ 7. Nxd2 exd4 8. Ngf3 {[%emt 0:00:07] White is slightly better.} Nf6 9. Nxd4 O-O 10. Bg2 d6 11. O-O Rd8 12. Ne4 ({White should play} 12. b4 $16) 12... Nxe4 $11 13. Bxe4 Nd7 14. Rfd1 Nf6 15. Bf3 a6 16. Rac1 Be6 17. b4 Rd7 {[%emt 0:19:42] [#]} (17... h5 $11) 18. Nxc6 $1 $16 Rc8 19. Na5 b6 20. Nc6 Kf8 21. b5 a5 (21... axb5 $16 {keeps fighting.} 22. cxb5 d5) 22. Rd4 $18 h6 23. Rcd1 Ne8 24. e4 f6 25. Bh5 Rdc7 26. Bxe8 Kxe8 27. f3 Bd7 28. Rxd6 {[%emt 0:00:29] White is much more active.} Bxc6 29. bxc6 Rxc6 30. Rxc6 Rxc6 $16 {[%emt 0:00:04][%mdl 4096] Endgame KR-KR} 31. Rd4 Ke7 32. Kf2 Rc5 {[%emt 0:02:16] [#]} 33. a4 $1 {[%emt 0:01:16] Against b5} Rh5 (33... f5 $142 34. Ke3 fxe4) 34. h4 $18 {[%emt 0:01:50][%cal Bh2h4,Bh4h5][%mdl 32] Rd5 is the strong threat.} Rc5 35. Ke3 g5 36. h5 g4 (36... Ke6 $142 37. g4 Rc6) 37. fxg4 Rg5 $2 (37... Rc8 38. g5 fxg5) 38. Rd5 Rxg4 39. Kf3 Rg8 40. c5 Rb8 41. cxb6 Rxb6 42. Rxa5 Rb1 43. Rb5 Rf1+ 44. Kg4 Ke6 45. Rb8 Ra1 46. Re8+ Kf7 47. Ra8 {[%emt 0:00:29] Hoping for a5.} Ke6 $2 (47... Re1 48. a5 Rxe4+ 49. Kf3 Re5) 48. a5 {[%emt 0:00:30] And now a6 would win.} Ke5 49. a6 {[%emt 0:00:48] Threatening mate with a7.} ({Not} 49. Rh8 Kxe4 50. Rxh6 Ke5 $16) 49... Kxe4 {[%emt 0:00:04] [#]} 50. a7 $2 (50. Re8+ $1 $18 Kd5 51. Kf5) 50... f5+ $1 $11 51. Kh3 {[%emt 0:00:05] Re8+ would kill now.} Kf3 {[%emt 0:00:36] Weighted Error Value: White=0.13 (very precise) /Black=0.34} 1/2-1/2

[Event "Warsaw Chess Open-B 2022"]
[Site "Warsaw"]
[Date "2022.07.23"]
[Round "6.8"]
[White "Sidorczuk, Pawel"]
[Black "Wieckowski, Michal"]
[Result "1/2-1/2"]
[ECO "A06"]
[WhiteElo "1962"]
[BlackElo "1669"]
[Annotator "TA"]
[PlyCount "42"]
[EventDate "2022.07.18"]
[EventType "swiss"]
[EventCountry "POL"]
[SourceTitle "playchess.com"]
[Source "ChessBase"]
[SourceQuality "1"]
[TimeControl "40/5400+30:1800+30"]

1. Nf3 d5 2. g3 Nf6 3. Bg2 Bg4 4. h3 Bxf3 5. Bxf3 Nbd7 6. d4 {[%emt 0:03:48] A07: Réti Opening: New York and Capablanca Systems.} e6 {[%emt 0:00:59] [#]} 7. Bf4 $146 ({Predecessor:} 7. O-O c6 8. Nd2 Bd6 9. e4 dxe4 10. Nxe4 Nxe4 11. Bxe4 O-O 12. Bg2 Qc7 13. c4 {1-0 (43) Domingo Nunez,A (2335)-Holt,C (2553) Chess.com INT 2022}) 7... Nb6 8. O-O {[%emt 0:05:20] The position is equal.} Bd6 9. e3 O-O 10. Nd2 c6 11. Bg2 Re8 12. Bxd6 Qxd6 13. f4 c5 14. c3 Rac8 15. Re1 Re7 16. Qf3 Na4 17. Rab1 b5 18. Bf1 b4 19. cxb4 cxd4 20. a3 Rc2 21. Qd1 Rxb2 {[%emt 0:02:55] Weighted Error Value: White=0.08 (flawless) /Black=0.07 (flawless)} 1/2-1/2

[Event "Warsaw Chess Open-B 2022"]
[Site "Warsaw"]
[Date "2022.07.23"]
[Round "7.1"]
[White "Kowalczyk, Adam"]
[Black "Masalski, Pawel"]
[Result "1/2-1/2"]
[ECO "B52"]
[WhiteElo "1944"]
[BlackElo "1550"]
[Annotator "TA"]
[PlyCount "95"]
[EventDate "2022.07.18"]
[EventType "swiss"]
[EventCountry "POL"]
[SourceTitle "playchess.com"]
[Source "ChessBase"]
[SourceQuality "1"]
[TimeControl "40/5400+30:1800+30"]

1. e4 c5 2. Nf3 d6 3. Bb5+ Bd7 4. Bxd7+ Qxd7 5. c4 Nf6 6. Nc3 Nc6 7. d4 cxd4 8. Nxd4 Qg4 9. O-O Qxd1 10. Rxd1 Nxd4 11. Rxd4 g6 {[%emt 0:00:05] [#] B52: Sicilian: Moscow Variation with 3...Bd7.} (11... Rc8 $11) 12. Nd5 $146 {[%emt 0:01:06] White is more active.} ({Better is} 12. Nb5 $1 $16 ) ({Predecessor:} 12. Nb5 Rc8 13. Nxa7 Rc5 14. b4 Rc7 15. Nb5 Rc6 16. Bd2 Bg7 17. Rc1 e5 18. Rd3 Nxe4 19. Be3 {1-0 (27) Bok,B (2587)-Aharon,O (2361) Riga 2014}) 12... Nxd5 $11 13. Rxd5 Bg7 14. Rb1 Rc8 15. b3 O-O 16. Be3 b6 17. a4 f5 18. exf5 Rxf5 19. Rbd1 Kf7 20. g4 Rxd5 21. Rxd5 {[%emt 0:00:04][%mdl 4096] Endgame KRB-KRB} Bc3 22. Kg2 Ke6 23. Rd3 Bb4 24. Bd4 (24. Bg5 $5 Bc5 25. f4 $14) 24... Rf8 {[%emt 0:00:56] The position is equal.} 25. Re3+ Kd7 26. Rf3 {[%emt 0:00:13] Prevents Rf4.} Rxf3 27. Kxf3 {[%emt 0:00:01] KB-KB} e5 28. Be3 Kc6 29. Bc1 d5 30. cxd5+ Kxd5 31. Bb2 Bd2 32. Ke2 Bf4 33. h3 Bh6 34. f3 e4 35. Bc3 a6 36. Kf2 Bf4 37. Bb2 b5 38. axb5 axb5 39. fxe4+ Kxe4 40. Ke2 Be3 41. Ba3 Bd4 {[%emt 0:31:49] And now ...Kf4 would win.} 42. Bc1 Ba1 43. Bg5 Bb2 44. Bh6 Bf6 45. Be3 g5 46. Bc1 h6 47. Be3 Bb2 48. Bc5 {[%emt 0:02:11] Weighted Error Value: White=0.08 (flawless) /Black=0.08 (flawless)} 1/2-1/2

[Event "Warsaw Chess Open-B 2022"]
[Site "Warsaw"]
[Date "2022.07.23"]
[Round "7.2"]
[White "Trybowska, Barbara"]
[Black "Kaczmarska, Joanna"]
[Result "1/2-1/2"]
[ECO "A40"]
[WhiteElo "1828"]
[BlackElo "1965"]
[Annotator "TA"]
[PlyCount "52"]
[EventDate "2022.07.18"]
[EventType "swiss"]
[EventCountry "POL"]
[SourceTitle "playchess.com"]
[Source "ChessBase"]
[SourceQuality "1"]
[TimeControl "40/5400+30:1800+30"]

1. d4 Nf6 2. c4 e6 3. g3 Bb4+ 4. Bd2 Be7 5. Nf3 d5 6. Bg2 O-O 7. O-O c5 {[%emt 0:07:01] E11: Bogo-Indian.} 8. cxd5 (8. dxc5 {feels hotter.} Bxc5 9. Qc2 Nc6 10. cxd5 Qxd5 11. Rc1) 8... Nxd5 9. dxc5 Bxc5 {[%emt 0:03:04] White is slightly better.} 10. Nc3 Nxc3 11. Bxc3 {[%emt 0:00:27] [#]} Qe7 $146 ({Predecessor:} 11... Nc6 12. Qxd8 Rxd8 13. Rfd1 f6 14. Rxd8+ Nxd8 15. Rd1 Be7 16. Nd4 Kf8 17. Nb5 Nc6 18. Nd6 Bxd6 19. Rxd6 Ke7 {½-½ (19) Shainswit,G-Pinkus,A Ventnor 1944}) 12. Qc2 Nc6 13. Rac1 Bb6 (13... e5 $14) 14. a3 ({White should play} 14. Ne5 $16) 14... e5 15. Nd2 (15. Rfd1 {is interesting.} f5 16. b4 e4 17. Nd4) 15... Nd4 16. Bxd4 Bxd4 17. e3 Bb6 18. Nc4 Bc7 19. Nd2 Bd8 (19... Bb6 $1 $11 {deserves consideration.}) 20. Qc5 $36 {[%emt 0:01:38][%mdl 2048] White fights for an advantage.} f6 21. Qxe7 {[%emt 0:02:10] White is more active.} Bxe7 22. Rc7 Bd6 23. Bxb7 Bxc7 24. Bxa8 Be6 {[%emt 0:00:12] Prevents Bd5.} 25. Bf3 f5 26. Rc1 Bb6 {[%emt 0:00:14] Weighted Error Value: White=0.09 (flawless) /Black=0.14 (very precise)} 1/2-1/2

[Event "Warsaw Chess Open-B 2022"]
[Site "Warsaw"]
[Date "2022.07.23"]
[Round "7.3"]
[White "Kaminski, Jan"]
[Black "Pawicka, Magdalena"]
[Result "1-0"]
[ECO "B40"]
[WhiteElo "1870"]
[BlackElo "1781"]
[Annotator "NA RC COMBH"]
[PlyCount "75"]
[EventDate "2022.07.18"]
[EventType "swiss"]
[EventCountry "POL"]
[SourceTitle "playchess.com"]
[Source "ChessBase"]
[SourceQuality "1"]
[TimeControl "40/5400+30:1800+30"]

1. e4 c5 2. Nf3 e6 3. b3 b6 4. Bb2 Bb7 5. Nc3 Nc6 6. Bc4 Nf6 7. e5 Nxe5 8. Nxe5 Bxg2 9. Rg1 Bb7 10. Qe2 a6 11. a4 d5 12. Bd3 g6 13. Ng4 Bg7 14. Nxf6+ Qxf6 15. O-O-O O-O 16. Rde1 e5 17. f3 Rfe8 18. Qg2 Rad8 19. Be2 Bh6 20. Rd1 Bf4 21. Kb1 Qh4 22. h3 f5 23. Qf1 Ra8 24. Bd3 Rf8 25. Ne2 d4 26. Nxf4 Qxf4 27. Be2 e4 28. Bc4+ Kg7 29. fxe4 fxe4 30. Qg2 Qf3 31. Qg5 Qf6 32. Qg3 Qf4 33. Qg2 Qf3 34. Qg5 Qf6 35. a5 b5 36. Qxc5 Rac8 37. Qxd4 bxc4 38. Qd7+ 1-0

[Event "Warsaw Chess Open-B 2022"]
[Site "Warsaw"]
[Date "2022.07.23"]
[Round "7.4"]
[White "Nesterenko, Kyrylo"]
[Black "Posuniak, Weronika"]
[Result "1/2-1/2"]
[ECO "B13"]
[WhiteElo "1782"]
[BlackElo "1895"]
[Annotator "NA RC COMBH"]
[PlyCount "52"]
[EventDate "2022.07.18"]
[EventType "swiss"]
[EventCountry "POL"]
[SourceTitle "playchess.com"]
[Source "ChessBase"]
[SourceQuality "1"]
[TimeControl "40/5400+30:1800+30"]

1. e4 c6 2. d4 d5 3. exd5 cxd5 4. c4 Nf6 5. Nc3 Nc6 6. Bg5 e6 7. Nf3 Be7 8. a3 O-O 9. Rc1 dxc4 10. Bxc4 Nd5 11. Bxe7 Qxe7 12. O-O Nxc3 13. Rxc3 Rd8 14. Qc2 g6 15. Rd1 Bd7 16. h4 Na5 17. Be2 Rac8 18. Ne5 Rxc3 19. Qxc3 Nc6 20. h5 Nxe5 21. dxe5 Bc6 22. Rxd8+ Qxd8 23. Qe3 a6 24. Bf3 Bxf3 25. Qxf3 Qc7 26. hxg6 Qd8 1/2-1/2

[Event "Warsaw Chess Open-B 2022"]
[Site "Warsaw"]
[Date "2022.07.23"]
[Round "7.5"]
[White "Shved, Dmytro"]
[Black "Rzeszowski, Dominik"]
[Result "0-1"]
[ECO "C63"]
[WhiteElo "1579"]
[BlackElo "1856"]
[Annotator "NA RC COMBH"]
[PlyCount "70"]
[EventDate "2022.07.18"]
[EventType "swiss"]
[EventCountry "POL"]
[SourceTitle "playchess.com"]
[Source "ChessBase"]
[SourceQuality "1"]
[TimeControl "40/5400+30:1800+30"]

1. e4 e5 2. Nf3 Nc6 3. Bb5 f5 4. Nc3 fxe4 5. Nxe4 d5 6. Nxe5 dxe4 7. Nxc6 Qg5 8. Qe2 Nf6 9. f4 Qxf4 10. d4 Qd6 11. Nxa7+ c6 12. Nxc8 Qb4+ 13. c3 Qxb5 14. Qxb5 cxb5 15. a4 Rxc8 16. axb5 Bd6 17. Ra7 O-O 18. Rxb7 Ng4 19. g3 Nxh2 20. Bf4 Bxf4 21. gxf4 Nf3+ 22. Ke2 Rxf4 23. Ke3 Rcf8 24. Re7 Ng5 25. d5 Rf3+ 26. Kd4 Rd3+ 27. Ke5 Rd2 28. c4 Rf6 29. Rc7 e3 30. Rc6 e2 31. Rxf6 gxf6+ 32. Kxf6 Rd1 33. b6 Rxh1 34. b7 Rf1+ 35. Kxg5 Rf8 0-1

[Event "Warsaw Chess Open-B 2022"]
[Site "Warsaw"]
[Date "2022.07.23"]
[Round "7.6"]
[White "Tyshniuk, Roman"]
[Black "Arciszewska, Zuzanna"]
[Result "0-1"]
[ECO "A05"]
[WhiteElo "1693"]
[BlackElo "1574"]
[Annotator "NA RC COMBH"]
[PlyCount "110"]
[EventDate "2022.07.18"]
[EventType "swiss"]
[EventCountry "POL"]
[SourceTitle "playchess.com"]
[Source "ChessBase"]
[SourceQuality "1"]
[TimeControl "40/5400+30:1800+30"]

1. Nf3 Nf6 2. c4 e6 3. Nc3 d5 4. e3 Be7 5. Be2 b6 6. cxd5 exd5 7. d4 Bb7 8. O-O O-O 9. b3 Nbd7 10. Bb2 a6 11. Rc1 Bd6 12. Qc2 Rc8 13. Na4 Ne4 14. Bd3 Qe7 15. Qe2 b5 16. Nc3 f5 17. Rfd1 Rf6 18. a4 c6 19. axb5 axb5 20. Ra1 Bb8 21. g3 Rh6 22. Qc2 Ndf6 23. Re1 Ng4 24. Nd1 Qf7 25. Bxe4 fxe4 26. Ng5 Nxh2 27. Nxf7 Nf3+ 28. Kf1 Rh1+ 29. Kg2 Nxe1+ 30. Kxh1 Nxc2 31. Rc1 Kxf7 32. Rxc2 Bd6 33. Kg2 Ke6 34. Nc3 h5 35. Rc1 Rh8 36. Rh1 Bc8 37. Ne2 g5 38. f4 exf3+ 39. Kxf3 Kf6 40. Nc3 Bg4+ 41. Kg2 Re8 42. Bc1 Kg6 43. Nd1 Rf8 44. Re1 Rf3 45. e4 Rxg3+ 46. Kf2 dxe4 47. Rxe4 Rf3+ 48. Kg2 Rxb3 49. Ne3 Bd7 50. Kf2 h4 51. d5 cxd5 52. Nxd5 Bg3+ 53. Ke2 h3 54. Ne7+ Kf7 55. Rd4 h2 0-1

[Event "Warsaw Chess Open-B 2022"]
[Site "Warsaw"]
[Date "2022.07.23"]
[Round "7.7"]
[White "Seklecki, Jakub"]
[Black "Bem, Tymoteusz"]
[Result "1-0"]
[ECO "A18"]
[WhiteElo "1501"]
[BlackElo "1679"]
[Annotator "NA RC COMBH"]
[PlyCount "73"]
[EventDate "2022.07.18"]
[EventType "swiss"]
[EventCountry "POL"]
[SourceTitle "playchess.com"]
[Source "ChessBase"]
[SourceQuality "1"]
[TimeControl "40/5400+30:1800+30"]

1. c4 Nf6 2. Nc3 e6 3. e4 d5 4. e5 d4 5. exf6 dxc3 6. bxc3 Qxf6 7. Nf3 e5 8. d4 exd4 9. Bg5 Qe6+ 10. Be2 d3 11. Qxd3 Be7 12. O-O O-O 13. Rfe1 Bxg5 14. Nxg5 Qh6 15. f4 Nd7 16. Bf3 Nc5 17. Qd2 Ne6 18. Re5 Qf6 19. Nxe6 Bxe6 20. Bd5 Rad8 21. Qe3 Bxd5 22. cxd5 Qb6 23. c4 Rfe8 24. Qxb6 axb6 25. Rae1 Kf8 26. Rxe8+ Rxe8 27. Rxe8+ Kxe8 28. Kf2 Ke7 29. Ke3 Kd6 30. Kd4 f5 31. a3 h6 32. h4 g6 33. g3 c5+ 34. dxc6 bxc6 35. c5+ Kc7 36. Kc4 bxc5 37. a4 1-0

[Event "Warsaw Chess Open-B 2022"]
[Site "Warsaw"]
[Date "2022.07.23"]
[Round "7.8"]
[White "Ryszkiewicz, Adam"]
[Black "Nocek, Dominik"]
[Result "1-0"]
[ECO "C50"]
[WhiteElo "1977"]
[BlackElo "1682"]
[Annotator "TA"]
[PlyCount "125"]
[EventDate "2022.07.18"]
[EventType "swiss"]
[EventCountry "POL"]
[SourceTitle "playchess.com"]
[Source "ChessBase"]
[SourceQuality "1"]
[TimeControl "40/5400+30:1800+30"]

1. e4 e5 2. Nf3 Nc6 3. Bc4 Nf6 4. d3 Bc5 5. c3 d6 6. a4 a6 7. O-O h6 8. Nbd2 {[%emt 0:00:48] C54: Giuoco Piano: 4 c3 Nf6, main lines with 5 d4 and 5 d3.} Ba7 9. Re1 Ng4 10. Re2 {[%emt 0:00:20] The position is equal.} O-O 11. Nf1 {[%emt 0:02:37] [#]} Kh7 $146 ({Predecessor:} 11... Be6 12. Bxe6 fxe6 13. h3 Rxf3 14. gxf3 Nf6 15. Ng3 Nh7 16. Kg2 Qf6 17. Be3 Rf8 18. Bxa7 Qxf3+ {1-0 (46) Van Foreest,J (2614)-Kovalev,V (2683) St Petersburg 2018}) 12. h3 Nf6 13. b4 Be6 14. Bxe6 fxe6 15. Qb3 Qd7 16. Raa2 Ne7 17. Ng3 Ng6 18. d4 exd4 19. cxd4 e5 20. d5 Qf7 21. Qd3 Rae8 22. Rac2 Qd7 23. Qb3 Nf4 24. Bxf4 exf4 25. Nf1 Kh8 (25... Rxe4 $2 26. Qd3 Bxf2+ 27. Kxf2 $18) 26. Qd3 (26. N1d2 $5 ) 26... Qxa4 27. e5 dxe5 28. Nxe5 Rxe5 29. Rxe5 {[%emt 0:00:05] Hoping for d6.} Qxb4 30. Rce2 Qd4 31. Qg6 f3 (31... Nxd5 $2 32. Re8 Bc5 33. Qf7 $18) 32. gxf3 {[%emt 0:00:38] aiming for Ng3.} Qf4 (32... Rg8 $11) 33. Rf5 $14 (33. Re7 Rg8 $11) 33... Qh4 {[%emt 0:00:28] White stays focused until the end.} (33... Qd4 $1 $14) 34. Ng3 $40 {[%emt 0:01:46][%cal Od5d6][%mdl 128] White attacks with force.} Qd4 {[%emt 0:00:31] [#]} (34... Rg8 $16 {keeps fighting.}) 35. Rfe5 $1 $18 {[%emt 0:01:19] Threatens to win with Nf5.} Rg8 $2 (35... Qd1+ {was called for.} 36. Kh2 Qd4) 36. Nf5 {[%emt 0:00:56] Active counter play!} Qf4 37. Re7 Qg5+ 38. Qxg5 {[%emt 0:00:05] Dancing on a razor blade.} hxg5 39. Rd2 (39. Rxc7 Nxd5 40. Rxb7 Nf4) 39... Bb6 40. d6 cxd6 41. Nxd6 Ba5 42. Ra2 Bb4 43. Nf7+ (43. Rxb7 Bxd6 44. Rxa6 Rd8 $11) 43... Kh7 44. Rxb7 (44. Nxg5+ Kh6 $18) 44... a5 45. Nxg5+ Kg6 46. Ne6 Nd5 47. Nd4 Re8 48. Re2 Rc8 49. Re6+ Kh7 50. Nf5 Rc1+ 51. Kh2 Bc3 (51... Rc7 $142) 52. h4 Rc2 53. h5 Rxf2+ 54. Kg3 Rb2 55. Rd7 Nb6 (55... Rg2+ $142 56. Kxg2 Nf4+ 57. Kf2 Nxe6) 56. Rc7 Nd5 57. Rc5 Rd2 58. h6 {[%emt 0:00:36][%cal Oc5c3] And now Rxc3! would win.} gxh6 59. Rxh6+ (59. Ne7 $142) 59... Kg8 60. Ra6 ({Inferior is} 60. Rxd5 Rxd5 61. Ne7+ Kg7 $11) 60... Be5+ $2 {[%emt 0:00:15] [#]} (60... Kf7 61. Nd6+ Ke7) 61. f4 $1 Bxf4+ 62. Kf3 Bh2 {[%emt 0:00:59] [#]} 63. Rxd5 $1 {[%emt 0:00:07][%mdl 512] Weighted Error Value: White=0.23 (precise) /Black=0.50} 1-0

[Event "Warsaw Chess Open-B 2022"]
[Site "Warsaw"]
[Date "2022.07.24"]
[Round "8.1"]
[White "Kaminski, Jan"]
[Black "Kowalczyk, Adam"]
[Result "1/2-1/2"]
[ECO "C01"]
[WhiteElo "1870"]
[BlackElo "1944"]
[Annotator "TA"]
[PlyCount "27"]
[EventDate "2022.07.18"]
[EventType "swiss"]
[EventCountry "POL"]
[SourceTitle "playchess.com"]
[Source "ChessBase"]
[SourceQuality "1"]
[TimeControl "40/5400+30:1800+30"]

1. e4 e6 2. d4 d5 3. exd5 exd5 4. c4 Bb4+ 5. Nc3 Nf6 6. Bd3 c5 7. Nge2 O-O {[%emt 0:00:06] The position is equal.} 8. O-O {[%emt 0:00:24] C01: French: Exchange Variation.} (8. cxd5 {is more complex.} cxd4 9. Nxd4 Bg4 10. Qb3) 8... dxc4 $1 9. Bxc4 Nc6 10. dxc5 {[%emt 0:17:07] [#]} Qe7 $146 ({Predecessor:} 10... Qxd1 11. Rxd1 Ne5 12. Nd5 Nxd5 13. Bxd5 Bg4 14. Kf1 Bxc5 15. Bf4 Rfe8 16. Bxe5 Rxe5 {½-½ (55) Gaehwiler,G (2260)-Kreisl,R (2400) Plovdiv 2012}) 11. Qd6 Bxc5 12. Qxe7 Bxe7 13. Bf4 Bf5 14. Rad1 {[%emt 0:00:53] An even fight not without its subleties.  Weighted Error Value: White=0.01 (flawless) /Black=0.00 (flawless)} 1/2-1/2